 Dungeon Crawl Stone Soup version 0.31-a0-1-g4198be8af4 (webtiles) character file.

Game seed: 8391717826969718951

27135 Demosthentine the Grand Scion (level 13, -5/106 HPs)
             Began as a Demonspawn Gladiator on Apr 30, 2023.
             Was a High Priest of Hepliaklqana.
             Killed from afar by a hell hound (15 damage)
             ... with a blast of flame
             ... led by Azrael
             ... on level 14 of the Dungeon.
             The game lasted 00:17:04 (13551 turns).

Demosthentine the Grand Scion (DsGl)               Turns: 13551, Time: 00:17:05

Health: -5/106     AC: 10    Str: 15    XL:     13   Next: 2%
Magic:  21/21      EV: 18    Int: 10    God:    Hepliaklqana [*****.]
Gold:   1267       SH:  0    Dex: 17    Spells: 12/12 levels left

rFire   . . .        m - +1 trident (flame)
rCold   . . .        h - orb {light}
rNeg    . . .        M - +0 troll leather armour
rPois   .            (helmet restricted)
rElec   .            (no cloak)
rCorr   .            u - +0 pair of gloves
SInv    .            (boots unavailable)
Will    +....        (no amulet)
Stlth   +            I - +4 ring of protection
HPRegen 1.17/turn    K - ring of willpower
MPRegen 0.17/turn

%: random rage (3%)
@: on berserk cooldown, glowing
A: reduced essence, hooves 3, foul stench 1, powered by death 3, sturdy frame 2,
horns 1, berserk 1, robust 1, weak 1
a: Renounce Religion, Recall Ancestor, Ancestor Identity, Transference, Idealise


You were on level 14 of the Dungeon.
You worshipped Hepliaklqana.
Hepliaklqana was extremely pleased with you.
You visited 2 branches of the dungeon, and saw 16 of its levels.

You collected 1267 gold pieces.

Inventory:

Hand Weapons
 m - a +1 trident of flaming (weapon)
Missiles
 e - a javelin (quivered)
 f - 17 poisoned darts
 l - 6 boomerangs
 v - 6 curare-tipped darts
Armour
 a - a +0 leather armour of cold resistance
 c - a +1 helmet
 g - the +1 pair of boots "Fueppiow" {-Cast rC+ Will+ Dex+3}
   (You found it on level 5 of the Dungeon)

   Dex:       It affects your dexterity (+3).
   rC:        It protects you from cold.
   -Cast:     It prevents spellcasting.
   Will:      It increases your willpower.
 h - an orb of light (worn)
 u - a +0 pair of gloves (worn)
 M - a +0 troll leather armour (worn)
Jewellery
 d - a +4 ring of protection
 E - a ring of resist corrosion
 I - a +4 ring of protection (left hand)
 K - a ring of willpower (right hand)
Wands
 n - a wand of iceblast (13)
 t - a wand of light (16)
 w - a wand of flame (14)
 y - a wand of digging (5)
 A - a wand of charming (32)
 C - a wand of polymorph (10)
Scrolls
 b - a scroll of identify
 i - 10 scrolls of teleportation
 r - 2 scrolls of fog
 z - 3 scrolls of fear
 B - 3 scrolls of enchant armour
 D - 3 scrolls of amnesia
 H - a scroll of brand weapon
 L - 5 scrolls of blinking
 N - 2 scrolls of magic mapping
 O - a scroll of silence
Potions
 j - 4 potions of lignification
 k - 2 potions of brilliance
 o - 2 potions of resistance
 p - 3 potions of might
 q - a potion of cancellation
 s - a potion of magic
 x - 2 potions of ambrosia
 F - 3 potions of haste
 G - 5 potions of curing
 J - 2 potions of attraction
 P - a potion of invisibility
 Q - a potion of berserk rage
 R - a potion of flight


   Skills:
 + Level 11.4 Fighting
 + Level 10.7 Polearms
 - Level 1.7 Throwing
 - Level 6.2 Armour
 + Level 10.7 Dodging
 + Level 11.4 Invocations


You had 12 spell levels left.
You didn't know any spells.
Your spell library contained the following spells:

 Spells                   Type           Power      Damage    Failure   Level
 Ensorcelled Hibernation  Hex/Ice        0%         N/A       50%         2
 Poisonous Vapours        Pois/Air       0%         N/A       50%         2
 Call Canine Familiar     Summ           0%         N/A       75%         3
 Inner Flame              Hex/Fire       0%         N/A       75%         3
 Mephitic Cloud           Conj/Pois/Air  0%         N/A       75%         3
 Portal Projectile        Hex/Tloc       0%         N/A       75%         3
 Spider Form              Tmut/Pois      0%         N/A       75%         3
 Tukima's Dance           Hex            0%         N/A       75%         3
 Anguish                  Hex/Necr       0%         N/A       98%         4
 Leda's Liquefaction      Hex/Erth       0%         N/A       98%         4
 Passage of Golubria      Tloc           0%         N/A       98%         4
 Blade Hands              Tmut           0%         N/A       100%        5
 Freezing Cloud           Conj/Ice/Air   0%         6-21      100%        5
 Irradiate                Conj/Tmut      0%         3d11      100%        5
 Iskenderun's Battlesphe  Conj           0%         2d6       100%        5
 Yara's Violent Unravell  Hex/Tmut       0%         3d3       100%        5
 Iron Shot                Conj/Erth      0%         9d1       100%        6
 Dragon Form              Tmut           0%         N/A       100%        7
 Enfeeble                 Hex            0%         N/A       100%        7
 Spellforged Servitor     Conj/Summ      0%         N/A       100%        7


Dungeon Overview and Level Annotations

Branches:
Dungeon (15/15)            Temple (1/1) D:4            Lair (0/5) D:11
    Orc (0/2) D:11         Vaults (0/5) D:14
 Depths: D:15

Altars:
Ashenzari
Cheibriados
Dithmenos
Fedhas
Gozag
Hepliaklqana
Kikubaaqudgha
Makhleb
Nemelex Xobeh
Okawaru
Qazlal
Ru
Sif Muna
Trog
Uskayaw
Vehumet
Wu Jian
Xom
Yredelemnul

Shops:
D:3 [   D:10 (

Portals:
Trove: D:12 (give 6 scrolls of blinking)

Annotations:
D:14 Roxanne


Innate Abilities, Weirdness & Mutations

Your life essence is reduced to manifest your ancestor. (-10% HP)
You have hooves in place of feet.
You may rarely emit foul miasma when damaged in melee.
You regenerate a lot of health from kills.
Your movements are less encumbered by armour. (ER -4)
You have a pair of small horns on your head.
You sometimes lose your temper in combat.
You are robust. (+10% HP)
You are weak. (Str -2)


Message History

The rakshasa blinks!
The hell hound misses you. The hell hound closely misses you.
There is a stone staircase leading up here.
The hell hound bites you.
* * * LOW HITPOINT WARNING * * *
The hell hound bites you but does no damage.
The hell hound closely misses you. The hell hound barely misses you.
The hell hound bites you.
* * * LOW HITPOINT WARNING * * *
The hell hound completely misses you. The hell hound breathes flames at you.
The blast of flame hits you.
* * * LOW HITPOINT WARNING * * *
The hell hound closely misses you. x2
You climb upwards.
Level annotation: Roxanne
There is a stone staircase leading down here.
You feel better. The hell hound bites you.
* * * LOW HITPOINT WARNING * * *
The hell hound bites you.
* * * LOW HITPOINT WARNING * * *
The hell hound bites you but does no damage. x2
The hell hound barely misses you.
The hell hound bites you but does no damage. x2
The hell hound closely misses you. The hell hound breathes flames at you.
The blast of flame hits you!
* * * LOW HITPOINT WARNING * * *
The hell hound bites you but does no damage.
Unknown command.
Unknown command.
You are too injured to fight recklessly!
You are too injured to fight recklessly!
Your magical effects are unravelling.
You feel magically purged.
You feel yourself speed up. The hell hound misses you.
The hell hound breathes flames at you. The blast of flame hits you!
You die...

#.##.)............###............
#.#..............................
#.##.###.........................
#.#..#####...................###.
#.##.......###.##...........####)
#..............##...........##...
#.....##.........................
................hh##............#
#..............h@.............##.
#.........#######h.........#.....
#..##.....#.....#.##....#........
..........#.....#.##....##.......
..........#.....#..##....##......
..........#...._#..#.....#.......
##.##.....#.....#........#..#....
..........#.))).#....###..######.
.#........###)###...###....# ##


You could see 4 hell hounds.

Vanquished Creatures
  2 centaur warriors (D:13)
  2 two-headed ogres
  2 boulder beetles
  7 skeletal warriors
  Pikel (D:7)
  A phantasmal warrior (D:14)
  3 ugly things
  4 cyclopes
  A manticore (D:12)
  Maggie (D:7)
  3 kobold demonologists
  An efreet (D:14)
  6 trolls
  Prince Ribbit (D:7)
  A centaur simulacrum (D:14)
  A wyvern (D:8)
  18 yaks
  A wraith (D:14)
  A fire elemental (D:15)
  A steam dragon (D:7)
  A hell hound (D:15)
  8 orc warriors
  Duvessa (D:5)
  2 sky beasts
  2 ogres
  7 centaurs
  A phantom (D:7)
  A kobold brigand (D:10)
  A bullfrog (D:8)
  2 scorpions (D:4)
  14 wights
  Dowan (D:5)
  6 electric eels (D:11)
  3 howler monkeys (D:8)
  2 gnoll boudas
  10 orc priests
  6 hounds
  A jelly (D:4)
  A sleepcap (D:7)
  3 iguanas
  Ijyb (D:4)
  10 orc wizards
  12 gnolls
  6 adders
  2 white imps (D:6)
  2 ufetubi
  2 worms
  5 dart slugs
  44 orcs
  10 ball pythons
  9 bats
  A bat zombie (D:11)
  7 endoplasms
  2 giant cockroaches
  3 goblins
  3 hobgoblins
  2 jackals (D:4)
  2 quokkas
  4 frilled lizards
  21 kobolds
  3 rats
  A rat zombie (D:11)
283 creatures vanquished.

Vanquished Creatures (collateral kills)
  Azrael (D:15)
  2 hydras (D:14)
  A cyclops (D:14)
  An ugly thing (D:11)
  A guardian serpent (shapeshifter) (D:14)
  A freezing wraith (D:14)
  3 trolls
  A shadow (D:9)
  A wyvern (D:8)
  2 yaks (D:9)
  2 acid dragons
  An orc warrior (D:14)
  2 kobold brigands
  A gnoll sergeant (D:7)
  3 wights (D:9)
  3 killer bees (D:9)
  A lava snake (D:13)
  A hound (D:7)
  A jelly (D:6)
  A sleepcap (D:6)
  An orc wizard (D:7)
  3 gnolls
  A white imp (D:6)
  2 orcs (D:14)
37 creatures vanquished.

Vanquished Creatures (others)
  9 hexers
  2 ancestors (D:7)
11 creatures vanquished.

Grand Total: 331 creatures vanquished

Notes
Turn   | Place    | Note
-------+----------+-------------------------------------------
     0 | D:1      | Demosthentine the Demonspawn Gladiator began the quest for
                  | the Orb.
     0 | D:1      | Reached XP level 1. HP: 16/16 MP: 1/1
   200 | D:1      | Gained mutation: You regenerate a little health from kills.
                  | [demonic ancestry]
   200 | D:1      | Reached XP level 2. HP: 20/22 MP: 2/2
   770 | D:1      | Reached skill level 1 in Armour
   944 | D:2      | Gained mutation: Your movements are slightly less
                  | encumbered by armour. (ER -2) [demonic ancestry]
   944 | D:2      | Reached XP level 3. HP: 21/21 MP: 3/3
  1935 | D:3      | Found Koqatz's Antique Armour Emporium.
  1939 | D:3      | Gained mutation: You have large cloven feet. [demonic
                  | ancestry]
  1939 | D:3      | Reached XP level 4. HP: 30/30 MP: 4/4
  1995 | D:3      | Found a faded altar of an unknown god.
  2516 | D:3      | Found a burning altar of Makhleb.
  2694 | D:4      | Noticed a scorpion
  2701 | D:4      | Killed a scorpion
  2702 | D:4      | Reached XP level 5. HP: 26/41 MP: 5/5
  2913 | D:4      | Gained mutation: You regenerate health from kills. [demonic
                  | ancestry]
  2913 | D:4      | Reached XP level 6. HP: 37/47 MP: 6/6
  3048 | D:4      | Noticed Ijyb
  3089 | D:4      | Killed Ijyb
  3571 | D:4      | Found a staircase to the Ecumenical Temple.
  3577 | Temple   | Entered the Ecumenical Temple
  3842 | Temple   | Became a worshipper of Hepliaklqana the Forgotten
  3910 | D:5      | Entered Level 5 of the Dungeon
  3922 | D:4      | Gained mutation: You have hoof-like feet. [demonic
                  | ancestry]
  3922 | D:4      | Reached XP level 7. HP: 40/54 MP: 7/7
  4035 | D:5      | Identified the +1 pair of boots "Fueppiow" {-Cast rC+ Will+
                  | Dex+3}
  4052 | D:5      | Noticed Dowan
  4064 | D:5      | Noticed Duvessa
  4697 | D:5      | Killed Duvessa
  4698 | D:5      | Reached skill level 5 in Fighting
  4698 | D:5      | Reached skill level 5 in Dodging
  4705 | D:5      | Killed Dowan
  4706 | D:5      | Reached skill level 5 in Polearms
  4706 | D:5      | Reached XP level 8. HP: 54/62 MP: 8/8
  5137 | D:6      | Reached * piety under Hepliaklqana
  6041 | D:7      | Noticed Prince Ribbit
  6044 | D:7      | Noticed Maggie
  6048 | D:7      | Gained mutation: Your body sometimes deteriorates upon
                  | taking damage. [potion of mutation]
  6048 | D:7      | Gained mutation: You possess an exceptional clarity of
                  | mind. [potion of mutation]
  6049 | D:7      | Killed Prince Ribbit
  6075 | D:6      | Lost mutation: Your body sometimes deteriorates upon taking
                  | damage. [potion of mutation]
  6075 | D:6      | Lost mutation: You possess an exceptional clarity of mind.
                  | [potion of mutation]
  6075 | D:6      | Gained mutation: Your body sometimes deteriorates upon
                  | taking damage. [potion of mutation]
  6075 | D:6      | Gained mutation: You possess an exceptional clarity of
                  | mind. [potion of mutation]
  6075 | D:6      | Gained mutation: You are weak. (Str -2) [potion of
                  | mutation]
  6075 | D:6      | Gained mutation: You are partially covered in large bone
                  | plates. (SH +4) [potion of mutation]
  6238 | D:7      | Killed Maggie
  6239 | D:7      | Reached skill level 5 in Armour
  6239 | D:7      | Gained mutation: You may rarely emit foul miasma when
                  | damaged in melee. [demonic ancestry]
  6239 | D:7      | Reached XP level 9. HP: 11/62 MP: 9/9
  6651 | D:7      | Noticed a +0 hand axe
  6651 | D:7      | Noticed a +0 dagger
  6653 | D:7      | Found a hide-covered altar of Uskayaw.
  6837 | D:7      | Found an opulent altar of Gozag.
  6924 | D:7      | Reached ** piety under Hepliaklqana
  7041 | D:7      | Noticed Pikel
  7058 | D:7      | Killed Pikel
  7143 | D:7      | Found a shadowy altar of Dithmenos.
  7223 | D:7      | Remembered your ancestor Khabaw as a hexer
  7280 | D:7      | Lost mutation: You are weak. (Str -2) [potion of mutation]
  7280 | D:7      | Lost mutation: You possess an exceptional clarity of mind.
                  | [potion of mutation]
  7280 | D:7      | Lost mutation: Your body sometimes deteriorates upon taking
                  | damage. [potion of mutation]
  7280 | D:7      | Gained mutation: You are weak. (Str -2) [potion of
                  | mutation]
  7280 | D:7      | Gained mutation: Your flesh is cold resistant. (rC+)
                  | [potion of mutation]
  7366 | D:8      | Reached skill level 1 in Invocations
  7385 | D:8      | Gained mutation: You have hooves in place of feet. [demonic
                  | ancestry]
  7385 | D:8      | Reached XP level 10. HP: 47/71 MP: 11/11
  8178 | D:9      | Noticed a two-headed ogre
  8184 | D:9      | Killed a two-headed ogre
  8220 | D:9      | Reached skill level 5 in Invocations
  8546 | D:10     | Entered Level 10 of the Dungeon
  8654 | D:10     | Found a radiant altar of Vehumet.
  8660 | D:10     | You fall into a shaft and drop 1 floor!
  8670 | D:11     | Noticed a red ugly thing
  8684 | D:11     | Killed a red ugly thing
  8850 | D:11     | Gained mutation: You regenerate a lot of health from kills.
                  | [demonic ancestry]
  8850 | D:11     | Reached XP level 11. HP: 78/78 MP: 15/15
  8881 | D:11     | Reached *** piety under Hepliaklqana
  8894 | D:11     | Found a staircase to the Orcish Mines.
  9093 | D:10     | Found Ytubroehe's Weapon Emporium.
  9375 | D:10     | Noticed a two-headed ogre
  9387 | D:10     | Killed a two-headed ogre
  9455 | D:10     | Found a sparkling altar of Nemelex Xobeh.
  9617 | D:10     | Lost mutation: Your flesh is cold resistant. (rC+) [potion
                  | of mutation]
  9617 | D:10     | Lost mutation: You are partially covered in large bone
                  | plates. (SH +4) [potion of mutation]
  9617 | D:10     | Gained mutation: You are robust. (+10% HP) [potion of
                  | mutation]
  9617 | D:10     | Gained mutation: Your movements are less encumbered by
                  | armour. (ER -4) [potion of mutation]
  9617 | D:10     | Gained mutation: You sometimes lose your temper in combat.
                  | [potion of mutation]
  9617 | D:10     | Gained mutation: You have a pair of small horns on your
                  | head. [potion of mutation]
  9726 | D:11     | Identified the +2 ring mail of Immorality {Dex+4}
 10010 | D:11     | Reached **** piety under Hepliaklqana
 10036 | D:11     | Found a staircase to the Lair.
 10230 | D:11     | Noticed a brown ugly thing
 10235 | D:11     | Killed a brown ugly thing
 10525 | D:11     | Found an ancient bone altar of Kikubaaqudgha.
 11108 | D:12     | Noticed a soul eater
 11301 | D:12     | Found a portal to a secret trove of treasure.
 11332 | D:12     | Noticed a skeletal warrior
 11332 | D:12     | Noticed a skeletal warrior
 11333 | D:12     | Noticed a skeletal warrior
 11346 | D:12     | Killed a skeletal warrior
 11357 | D:12     | Killed a skeletal warrior
 11369 | D:12     | Killed a skeletal warrior
 11370 | D:12     | Reached skill level 10 in Fighting
 11707 | D:13     | Noticed a centaur warrior
 11715 | D:13     | Killed a centaur warrior
 11716 | D:13     | Reached XP level 12. HP: 42/97 MP: 18/18
 11907 | D:13     | Noticed a centaur warrior
 11917 | D:13     | Killed a centaur warrior
 12014 | D:13     | Reached skill level 10 in Dodging
 12014 | D:13     | Reached skill level 10 in Invocations
 12042 | D:13     | Reached skill level 10 in Polearms
 12263 | D:13     | Noticed a boulder beetle
 12272 | D:13     | Killed a boulder beetle
 12671 | D:14     | Reached ***** piety under Hepliaklqana
 12781 | D:14     | Noticed Roxanne
 12846 | D:14     | Noticed a boulder beetle
 12862 | D:14     | Killed a boulder beetle
 12899 | D:14     | Noticed a six-headed hydra
 12907 | D:14     | Killed a six-headed hydra
 13191 | D:14     | Noticed a seven-headed hydra
 13200 | D:14     | Killed a seven-headed hydra
 13222 | D:14     | Found a gate to the Vaults.
 13526 | D:15     | Entered Level 15 of the Dungeon
 13528 | D:15     | Noticed Azrael
 13530 | D:15     | Noticed a rakshasa
 13543 | D:15     | Killed Azrael
 13544 | D:15     | Mutation became permanent: Your movements are slightly less
                  | encumbered by armour. (ER -2) [demonic ancestry]
 13544 | D:15     | Gained mutation: Your movements are less encumbered by
                  | armour. (ER -4) [demonic ancestry]
 13544 | D:15     | Reached XP level 13. HP: 39/106 MP: 21/21
 13551 | D:14     | Killed from afar by a hell hound

Illustrated notes

Levels and vault maps discovered:
D:1:      ncdulo_watergridlock, layout_basic, kennysheep_decorative_pillar,
          minmay_pentomino_x2
D:2:      layout_basic
D:3:      layout_loops_ring, lightli_temple_of_fire,
          shapermc_ecumenical_altar_petra, serial_shops, shop,
          serial_bayou_pond_c
D:4:      layout_cave_pools, minmay_temple_entry_fiery, grunt_decor_resistance,
          uniq_ijyb
D:5:      layout_layer_cave, uniq_duvessa
D:6:      layout_basic
D:7:      layout_rooms, grunt_gozag_breadcrumbs, mainiacjoe_overflow_alcove_2,
          dancing_weapons_uskayaw, amcnicky_mini_rare_corridor_liquid,
          uniq_pikel, uniq_prince_ribbit1, uniq_maggie
D:8:      layout_loops_ring
D:9:      layout_small_grid, kennysheep_windowed_goal
D:10:     layout_gridville, mainiacjoe_overflow_alcove_1,
          nemelex_spade_bored_becter, serial_shops,
          nicolae_shop_bloodbath_and_beyond, mrwooster_statue_mirror,
          minmay_misc_feat_cross, dk_noncrumbling_3
D:11:     layout_basic, lair_entry_dummy, orc_0_dummy,
          lemuel_zombie_altar_kikubaaqudgha
D:12:     layout_roguey, nicolae_trove_entry_crystal, roderic_st_hans_cross
D:13:     layout_basic
D:14:     layout_cave_pools, david_vaults_4, nicolae_benzene_ring, special_room
          [special_room_orc], uniq_roxanne
D:15:     gammafunk_enter_depths_forms, layout_basic,
          gammafunk_ghost_tricky_traps, nicolae_eternal_life, st_stairs_6,
          nicolae_kite_square_tiling_tiny, einodemon_crawler_minivault,
          uniq_jorgrun, uniq_azrael, uniq_nessos
Temple:   compressed_dpeg_triangle_lava_temple

Skill      XL: |  1  2  3  4  5  6  7  8  9 10 11 12 |
---------------+-------------------------------------+-----
Polearms       | 3 4 5 7 8 9 10 | 10.7
Dodging        | 3 4 5 6 7 8 9 10 | 10.7
Armour         | 1 2 3 4 5 6 |  6.2
Fighting       | 3 4 5 6 7 8 10 11 | 11.4
Invocations    | 2 6 9 11 | 11.4
Throwing       | |  1.7

Action                     |  1- 3 |  4- 6 |  7- 9 | 10-12 | 13-15 || total
---------------------------+-------+-------+-------+-------+-------++-------
  Melee: Trident           |   113 |   103 |   315 |   625 |       ||  1156
         Kick              |       |    40 |   105 |   214 |       ||   359
         Headbutt          |       |       |       |    68 |       ||    68
  Throw: Throwing net      |       |     2 |     1 |     3 |       ||     6
 Invoke: Ancestor Life: He |       |       |     1 |       |       ||     1
         Recall Ancestor   |       |       |       |     2 |       ||     2
    Use: Scroll            |     9 |     6 |     7 |     8 |       ||    30
         Potion            |       |     1 |     6 |     5 |     2 ||    14
   Stab: Sleeping          |     2 |       |       |       |       ||     2
         Held in net/web   |       |     2 |     1 |     6 |       ||     9
         Distracted        |       |       |     3 |     7 |       ||    10
         Confused          |       |       |       |     8 |       ||     8
 Armour: Leather armour    |    28 |    32 |    71 |    23 |       ||   154
         Troll leather arm |       |       |       |    40 |     7 ||    47
  Dodge: Dodged            |    41 |    70 |   240 |   219 |    14 ||   584
  Block: Orb               |       |       |    13 |    19 |       ||    32

Table legend: (Time is in decaauts)
 A = Elapsed time spent in this place.
 B = Non-inter-level travel time spent in this place.
 C = Inter-level travel time spent in this place.
 D = Time resting spent in this place.
 E = Time spent auto-exploring this place.
 F = Levels seen in this place.
 G = Mean time per level.
                   A        B        C        D        E       F      G
               +--------+--------+--------+--------+--------+-----+--------+
         Total |  13610 |  12527 |   1083 |    304 |   9912 |  16 |  850.6 |
       Dungeon |  13324 |  12242 |   1082 |    304 |   9694 |  15 |  888.3 |
        Temple |    286 |    286 |      0 |      0 |    218 |   1 |  286.0 |
               +--------+--------+--------+--------+--------+-----+--------+

Top non-repeatable levels by time:
    D:11: 1248 daAuts
     D:4: 1133 daAuts
     D:7: 1086 daAuts
     D:5: 1084 daAuts
     D:3: 1050 daAuts
    D:13: 991 daAuts
     D:6: 952 daAuts
     D:1: 928 daAuts
    D:10: 889 daAuts
    D:14: 876 daAuts
     D:2: 861 daAuts
    D:12: 847 daAuts
     D:8: 721 daAuts
     D:9: 631 daAuts
  Temple: 286 daAuts
